[Event "ICC tourney 2047 (75 10)"]
[Site "Internet Chess Club"]
[Date "2020.10.10"]
[Round "3"]
[White "StevChess01"]
[Black "angelpawn"]
[Result "1-0"]
[ICCResult "Black resigns"]
[WhiteElo "1740"]
[BlackElo "1595"]
[Opening "Dutch"]
[ECO "A80"]
[NIC "HD.12"]
[Time "14:47:03"]
[TimeControl "4500+10"]

1. d4 f5 2. Nf3 Nf6 3. Bg5 c6 4. Bxf6 exf6 5. e3 Qb6 6. b3 Qa5+ 7. c3 d5 8.
Bd3 Be6 9. Qc2 g6 10. h4 Bg7 11. h5 Nd7 12. hxg6 hxg6 13. Rxh8+ Bxh8 14. g4
O-O-O 15. gxf5 gxf5 16. Bxf5 Bf7 17. Nbd2 Kb8 18. O-O-O Qa3+ 19. Qb2 Qxb2+
20. Kxb2 Nb6 21. Rg1 Rg8 22. Rxg8+ Bxg8 23. Nh2 Nc8 24. Nhf3 Nd6 25. Bc2 Kc7
26. Nh4 Be6 27. f4 Bg7 28. Bd3 Kd8 29. Kc2 a6 30. c4 dxc4 31. bxc4 Kc7 32.
a4 Nc8 33. a5 Nd6 34. Kc3 Kd7 35. Nb3 Kc7 36. Nc5 Bd7 37. Nxd7 Kxd7 38. Bg6
Nc8 39. Bf5+ Kd8 40. Bxc8 Kxc8 41. Nf5 Bf8 42. c5 Kd7 43. Kc4 Ke6 44. e4 Kd7
45. d5 cxd5+ 46. exd5 Kc7 47. d6+ Kc6 48. Nd4+ Kd7 49. Kd5 Bh6 50. Ne6 Kc8
51. c6 bxc6+ 52. Kxc6 {Black resigns} 1-0

[Event "ICC tourney 2047 (75 10)"]
[Site "Internet Chess Club"]
[Date "2020.10.10"]
[Round "4"]
[White "subielife"]
[Black "BillietheKid"]
[Result "1-0"]
[ICCResult "Black resigns"]
[WhiteElo "1516"]
[BlackElo "1454"]
[Opening "Anderssen's opening"]
[ECO "A00"]
[NIC "VO.14"]
[Time "18:32:10"]
[TimeControl "4500+10"]

1. a3 d5 2. Nf3 c5 3. b4 Nc6 4. b5 Nb8 5. e3 Nf6 6. Bb2 e6 7. c4 Be7 8. Be2
O-O 9. O-O b6 10. a4 Bb7 11. Qc1 Ne4 12. d3 Nd6 13. Rd1 Nf5 14. a5 Nd7 15.
a6 Bc8 16. Nc3 d4 17. exd4 cxd4 18. Ne4 Nc5 19. g4 Nh4 20. Nxd4 Nxe4 21.
dxe4 Bg5 22. f4 Be7 23. Nxe6 Bd7 24. Nxd8 {Black resigns} 1-0

[Event "ICC tourney 2047 (75 10)"]
[Site "Internet Chess Club"]
[Date "2020.10.10"]
[Round "4"]
[White "Michaelpu"]
[Black "Cgchess"]
[Result "1-0"]
[ICCResult "Black resigns"]
[WhiteElo "1627"]
[BlackElo "1314"]
[Opening "French: exchange variation"]
[ECO "C01"]
[NIC "FR.01"]
[Time "18:32:25"]
[TimeControl "4500+10"]

1. e4 e6 2. d4 d5 3. exd5 exd5 4. Bd3 Nf6 5. h3 h6 6. c3 c5 7. dxc5 Bxc5 8.
Ne2 O-O 9. O-O Re8 10. Nd2 Bd7 11. Nb3 Ba4 12. Bc2 Bd6 13. Be3 Nc6 14. Ned4
Nxd4 15. Nxd4 Bxc2 16. Qxc2 Bc5 17. Rad1 Qc7 18. Qf5 Qe5 19. Qxe5 Rxe5 20.
Nf3 Rxe3 21. fxe3 Bxe3+ 22. Kh2 Bb6 23. Rfe1 Ne4 24. Rxd5 Bc7+ 25. Kg1 Bb6+
26. Nd4 Nf6 27. Rde5 Rd8 28. Rd1 Bc7 {Black resigns} 1-0

[Event "ICC tourney 2047 (75 10)"]
[Site "Internet Chess Club"]
[Date "2020.10.10"]
[Round "4"]
[White "nikhilthota"]
[Black "chessmilano"]
[Result "1/2-1/2"]
[ICCResult "Game drawn by mutual agreement"]
[WhiteElo "1754"]
[BlackElo "1726"]
[Opening "Réti: advance variation"]
[ECO "A09"]
[NIC "RE.16"]
[Time "18:32:19"]
[TimeControl "4500+10"]

1. Nf3 d5 2. c4 d4 3. e3 c5 4. b4 dxe3 5. fxe3 cxb4 6. Qa4+ Nc6 7. Ne5 Bd7
8. Nxd7 Qxd7 9. c5 e5 10. Bb5 Bxc5 11. Bb2 Bd6 12. O-O Nge7 13. d4 exd4 14.
exd4 O-O 15. Nd2 a6 16. Bd3 b5 17. Qb3 Nxd4 18. Bxd4 Bxh2+ 19. Kxh2 Qxd4 20.
Nf3 Qd6+ 21. Kh1 {Game drawn by mutual agreement} 1/2-1/2

[Event "ICC tourney 2047 (75 10)"]
[Site "Internet Chess Club"]
[Date "2020.10.10"]
[Round "4"]
[White "chessmaster0981"]
[Black "wulovechess"]
[Result "1/2-1/2"]
[ICCResult "Game drawn by repetition"]
[WhiteElo "1627"]
[BlackElo "1404"]
[Opening "Queen's pawn game"]
[ECO "D02"]
[NIC "QP.08"]
[Time "18:33:02"]
[TimeControl "4500+10"]

1. d4 d5 2. Nf3 Bf5 3. c4 Nf6 4. g3 e6 5. Bg2 Bd6 6. O-O Nc6 7. Qb3 Na5 8.
Qa4+ c6 9. cxd5 exd5 10. Nc3 O-O 11. Bg5 Re8 12. Bxf6 gxf6 13. Nd2 b5 14.
Qd1 Nc4 15. Nxc4 bxc4 16. Re1 Bg6 17. e4 dxe4 18. Nxe4 Rb8 19. Nxd6 Qxd6 20.
Rxe8+ Rxe8 21. Rc1 Bd3 22. Qg4+ Kh8 23. Bf1 Rg8 24. Qh4 Rb8 25. Bxd3 cxd3
26. b3 Rd8 27. Rd1 Qxd4 28. Qxd4 Rxd4 29. Kg2 a5 30. Kf3 c5 31. Ke3 Kg7 32.
Rxd3 Rb4 33. a3 Rb6 34. a4 Rb4 35. Rc3 Kg6 36. Kd2 Rd4+ 37. Rd3 Kf5 38. Rxd4
cxd4 39. Kd3 Ke5 40. f4+ Kd5 41. g4 Kc5 42. g5 f5 43. h3 Kb4 44. Kxd4 Kxb3
45. h4 Kxa4 46. Kc4 Ka3 47. Kc3 Ka2 48. Kc2 Ka1 49. Kc1 Ka2 50. Kc2 a4 51.
h5 Ka1 52. Kc1 Ka2 53. Kc2 a3 54. h6 Ka1 55. Kc1 Ka2 56. Kc2 Ka1 57. Kc1 Ka2
58. Kc2 Ka1 59. Kc1 Ka2 60. Kc2 Ka1 {Game drawn by repetition} 1/2-1/2

[Event "ICC tourney 2047 (75 10)"]
[Site "Internet Chess Club"]
[Date "2020.10.10"]
[Round "4"]
[White "shubham14"]
[Black "wahoo"]
[Result "0-1"]
[ICCResult "White resigns"]
[WhiteElo "1496"]
[BlackElo "1769"]
[Opening "English: Carls' Bremen system"]
[ECO "A22"]
[NIC "EO.10"]
[Time "18:32:19"]
[TimeControl "4500+10"]

1. c4 e5 2. Nc3 Nf6 3. g3 Be7 4. Bg2 Nc6 5. d3 d6 6. e4 Bg4 7. Nge2 O-O 8.
Be3 a5 9. b3 b6 10. Qc2 Nb4 11. Qd2 c5 12. a3 Nc6 13. O-O Qd7 14. Na4 Rab8
15. f4 Bh3 16. f5 Bxg2 17. Kxg2 Ng4 18. Bg5 Bxg5 19. Qxg5 Nf6 20. Nac3 h6
21. Qe3 Nd4 22. Nc1 Nc2 {White resigns} 0-1

[Event "ICC tourney 2047 (75 10)"]
[Site "Internet Chess Club"]
[Date "2020.10.10"]
[Round "4"]
[White "mancogu"]
[Black "Boldmann"]
[Result "1/2-1/2"]
[ICCResult "Game drawn by mutual agreement"]
[WhiteElo "1579"]
[BlackElo "1769"]
[Opening "French: exchange variation"]
[ECO "C01"]
[NIC "FR.01"]
[Time "18:32:26"]
[TimeControl "4500+10"]

1. e4 e6 2. d4 d5 3. exd5 exd5 4. Bd3 Bd6 5. Nf3 Ne7 6. c3 c6 7. Nbd2 Bf5 8.
Nf1 Bxd3 9. Qxd3 O-O 10. Ng3 f6 11. O-O Qd7 12. Re1 Na6 13. Bd2 Bxg3 14.
hxg3 Qf5 15. Qxf5 Nxf5 16. g4 Nd6 17. Bf4 Ne4 18. Nd2 Nxd2 19. Bxd2 Rfe8 20.
f3 Nc7 21. Kf2 Kf7 22. Rxe8 Rxe8 23. Re1 Rxe1 24. Bxe1 Ne8 25. Ke3 Ke6 26.
Bg3 Nd6 27. Bxd6 Kxd6 28. f4 g6 29. f5 a5 30. b4 a4 31. a3 b5 32. Kf4 g5+
33. Ke3 Ke7 34. Kf3 Kf7 35. Kf2 Kg7 36. Kf3 h6 37. g3 Kh7 38. Ke3 Kg7 39.
Kf3 {Game drawn by mutual agreement} 1/2-1/2

[Event "ICC tourney 2047 (75 10)"]
[Site "Internet Chess Club"]
[Date "2020.10.10"]
[Round "4"]
[White "SK-2005"]
[Black "jHanna"]
[Result "1-0"]
[ICCResult "Black resigns"]
[WhiteElo "1748"]
[BlackElo "1804"]
[Opening "French: advance variation"]
[ECO "C02"]
[NIC "FR.03"]
[Time "18:32:33"]
[TimeControl "4500+10"]

1. e4 e6 2. d4 d5 3. e5 Ne7 4. Nf3 c5 5. c3 Nec6 6. Be2 b6 7. O-O Ba6 8. Bg5
Bxe2 9. Qxe2 Be7 10. Be3 O-O 11. Nbd2 Nd7 12. Ne1 cxd4 13. cxd4 Rc8 14. f4
Nb4 15. Ndf3 f6 16. a3 Nc6 17. b4 fxe5 18. dxe5 a5 19. b5 Ncb8 20. Nd4 Rc3
21. Nxe6 Qc8 22. Nxf8 Rxe3 23. Qd2 Kxf8 24. Qxd5 Bc5 25. Kh1 Bxa3 26. Rxa3
Rxa3 27. Qd6+ Kf7 28. Qxa3 Nc5 29. Nf3 Nbd7 30. Ng5+ Kg6 31. Qg3 h6 32. f5+
Kh5 33. Nf3 Qd8 34. Qh3+ {Black resigns} 1-0

[Event "ICC tourney 2047 (75 10)"]
[Site "Internet Chess Club"]
[Date "2020.10.10"]
[Round "4"]
[White "TheSuperKing"]
[Black "betterone76"]
[Result "0-1"]
[ICCResult "White checkmated"]
[WhiteElo "1702"]
[BlackElo "1860"]
[Opening "Pirc: Sveshnikov system"]
[ECO "B07"]
[NIC "PU.07"]
[Time "18:32:13"]
[TimeControl "4500+10"]

1. e4 d6 2. d4 Nf6 3. Nc3 g6 4. g3 Bg7 5. Bg2 O-O 6. Nf3 Nbd7 7. O-O c6 8.
Be3 Ng4 9. Bd2 e5 10. d5 f5 11. Ng5 Nc5 12. f4 exf4 13. Bxf4 h6 14. Ne6 Nxe6
15. dxe6 Bxe6 16. Qxd6 Qxd6 17. Bxd6 Rfd8 18. Bb4 Ne3 19. Rf2 Bd4 20. Kh1 a5
21. Be7 Rd7 22. Ba3 Ng4 23. Re2 Bc4 24. Rd2 Nf2+ 25. Rxf2 Bxf2 26. Rd1 Rad8
27. Rxd7 Rxd7 28. Bh3 b5 29. b4 axb4 30. Bxb4 c5 31. Ba5 b4 32. Kg2 bxc3 33.
Kxf2 Rd2+ 34. Kg1 Rxc2 35. exf5 Rc1+ 36. Kf2 c2 37. Bd2 Rh1 38. Bg2 c1=Q 39.
Bxc1 Rxc1 40. fxg6 Bxa2 41. Be4 Bb1 42. Bd5+ Kg7 43. Ke3 Bxg6 44. Kd2 Rf1
45. Ke2 Rf5 46. Bc4 Re5+ 47. Kf3 Kf6 48. g4 Ke7 49. h4 Kd6 50. Bg8 h5 51. g5
Re4 52. Bf7 Re6 53. Bxe6 Kxe6 54. Kf4 c4 55. Ke3 Kd5 56. Kd2 Kd4 57. Kc1 Kc3
58. Kd1 Kb2 59. Kd2 c3+ 60. Ke3 c2 61. Kd4 c1=Q 62. Ke5 Qf1 63. Kd4 Qf5 64.
Ke3 Qe4+ 65. Kf2 Kc2 66. Kg3 Qg4+ 67. Kf2 Qxh4+ 68. Ke3 Qxg5+ 69. Kd4 h4 70.
Kc4 h3 71. Kb4 h2 72. Ka3 h1=Q 73. Kb4 Qhh4+ 74. Ka3 Qgg3+ 75. Ka2 Qa4#
{White checkmated}
0-1

[Event "ICC tourney 2047 (75 10)"]
[Site "Internet Chess Club"]
[Date "2020.10.10"]
[Round "4"]
[White "Florina12345"]
[Black "M6northrup"]
[Result "0-1"]
[ICCResult "White resigns"]
[WhiteElo "1332"]
[BlackElo "1653"]
[Opening "Scotch: Schmidt variation"]
[ECO "C45"]
[NIC "SO.04"]
[Time "18:32:15"]
[TimeControl "4500+10"]

1. e4 e5 2. Nf3 Nc6 3. d4 exd4 4. Nxd4 Nf6 5. Nxc6 dxc6 6. Qxd8+ Kxd8 7. Nc3
Be6 8. Bg5 h6 9. Bh4 g5 10. Bg3 Bb4 11. Be5 Ke7 12. Bd3 Rac8 13. a3 Bd6 14.
Bd4 c5 15. Be3 Be5 16. Bxc5+ Bd6 17. Bxd6+ Kxd6 18. Ke2 Rhd8 19. Rad1 Ke7
20. h4 g4 21. g3 c5 22. e5 Nd7 23. Be4 b6 24. Nb5 Bc4+ 25. Bd3 Bxb5 26. Bxb5
Nxe5 27. Rxd8 Rxd8 28. Rd1 Rxd1 29. Kxd1 Kd6 30. Kd2 Kd5 31. Ke3 Ng6 32. c4+
Ke5 33. Be8 Ke6 34. h5 Ne5 35. b3 Nf3 36. Bc6 Nd4 37. Bb7 f5 38. Bc8+ Ke5
39. a4 Nxb3 40. Bd7 Nd4 41. Be8 Ne6 42. Bf7 Kf6 43. Bg6 Kg5 44. Kd3 Ng7 45.
Kc3 Nxh5 46. Bxh5 Kxh5 47. a5 bxa5 48. Kb3 Kg5 49. Ka4 f4 50. Kxa5 fxg3 51.
fxg3 h5 52. Kb5 h4 53. gxh4+ Kxh4 54. Kxc5 g3 55. Kd6 g2 56. c5 g1=Q 57. c6
Qc1 58. c7 a6 59. Kd7 a5 60. c8=Q Qxc8+ {White resigns} 0-1

[Event "ICC tourney 2047 (75 10)"]
[Site "Internet Chess Club"]
[Date "2020.10.10"]
[Round "4"]
[White "Nikhilp"]
[Black "madrigal"]
[Result "1-0"]
[ICCResult "Black resigns"]
[WhiteElo "1831"]
[BlackElo "1580"]
[Opening "Sicilian: Najdorf"]
[ECO "B90"]
[NIC "SI.14"]
[Time "18:32:15"]
[TimeControl "4500+10"]

1. e4 c5 2. Nf3 d6 3. d4 cxd4 4. Nxd4 Nf6 5. Nc3 a6 6. a4 e5 7. Nb3 Be7 8.
Be2 Be6 9. O-O O-O 10. Be3 Nbd7 11. Nd5 Nxd5 12. exd5 Bf5 13. Qd2 Nf6 14.
Bd3 Bxd3 15. Qxd3 Rc8 16. c4 Re8 17. h3 Nd7 18. Rac1 Bf6 19. Nd2 Nc5 20.
Bxc5 Rxc5 21. Ne4 Rc8 22. Rfd1 Be7 23. c5 f5 24. Ng3 e4 25. Qb3 Bg5 26. Nxf5
Bxc1 27. Nxd6 Bf4 28. Nxc8 Qxc8 29. d6+ Qe6 30. d7 Kf7 31. dxe8=Q+
{Black resigns}
1-0

[Event "ICC tourney 2047 (75 10)"]
[Site "Internet Chess Club"]
[Date "2020.10.10"]
[Round "4"]
[White "MacAndSneeze"]
[Black "Han366"]
[Result "1-0"]
[ICCResult "Black resigns"]
[WhiteElo "1639"]
[BlackElo "1696"]
[Opening "French: Winawer, advance, poisoned pawn, Konstantinopolsky variation"]
[ECO "C18"]
[NIC "FR.11"]
[Time "18:32:18"]
[TimeControl "4500+10"]

1. e4 e6 2. d4 d5 3. Nc3 Bb4 4. e5 c5 5. a3 Bxc3+ 6. bxc3 Ne7 7. Qg4 Qc7 8.
Qxg7 Rg8 9. Qxh7 cxd4 10. Ne2 Nbc6 11. cxd4 Nxd4 12. Kd1 Ndc6 13. f4 Bd7 14.
h4 Na5 15. Bd2 Ba4 16. h5 Nf5 17. Qxg8+ Kd7 18. Qxf7+ {Black resigns} 1-0

[Event "ICC tourney 2047 (75 10)"]
[Site "Internet Chess Club"]
[Date "2020.10.10"]
[Round "4"]
[White "natez"]
[Black "yogokings12"]
[Result "1/2-1/2"]
[ICCResult "Game drawn by mutual agreement"]
[WhiteElo "1842"]
[BlackElo "1694"]
[Opening "Grünfeld: Three knights variation"]
[ECO "D90"]
[NIC "GI.07"]
[Time "18:32:09"]
[TimeControl "4500+10"]

1. d4 Nf6 2. Nf3 g6 3. c4 Bg7 4. Nc3 d5 5. cxd5 Nxd5 6. Qb3 c6 7. e4 Nxc3 8.
bxc3 O-O 9. Be2 c5 10. Be3 Nc6 11. d5 Na5 12. Qc2 c4 13. O-O b5 14. Bd4 Bd7
15. Bxg7 Kxg7 16. Rad1 Nb7 17. Qd2 Qb6 18. Ne5 Rad8 19. Rb1 Nd6 20. Nxd7
Rxd7 21. e5 Ne4 22. Qc2 Nc5 23. Bxc4 a6 24. Bb3 Nxb3 25. Qxb3 Qc5 26. Rbd1
Rfd8 27. Rd3 Rxd5 28. Rf3 e6 29. h3 Qc4 30. Qxc4 bxc4 31. Rf4 Rc8 32. Re1
Rd3 33. Rf3 Rxf3 34. gxf3 Kf8 35. Re4 Ke7 36. Rd4 f6 37. exf6+ Kxf6 38. Rd6
a5 39. Ra6 Rc5 40. Kf1 Kf5 41. Ra7 h5 42. h4 Ke5 43. Rg7 Kf6 44. Ra7 g5 45.
hxg5+ Kxg5 46. Kg2 Kf4 47. Rf7+ Rf5 48. Rc7 Rg5+ 49. Kh3 Kxf3 50. Rxc4 Kxf2
51. Re4 Rg3+ 52. Kh4 Rg4+ 53. Rxg4 hxg4 54. Kxg4 Ke3 55. Kg5 Kd3 56. Kf6
Kxc3 57. Kxe6 Kb2 58. Kd5 a4 59. Kc4 a3 60. Kd3 Kxa2 61. Kc2 Ka1 62. Kc1
{Game drawn by mutual agreement}
1/2-1/2

[Event "ICC tourney 2047 (75 10)"]
[Site "Internet Chess Club"]
[Date "2020.10.10"]
[Round "4"]
[White "VincentT2008"]
[Black "davidtxie"]
[Result "1-0"]
[ICCResult "Black resigns"]
[WhiteElo "1808"]
[BlackElo "1613"]
[Opening "QGD Slav defense"]
[ECO "D13"]
[NIC "SL.01"]
[Time "18:32:27"]
[TimeControl "4500+10"]

1. d4 d5 2. c4 c6 3. Nc3 Nf6 4. cxd5 cxd5 5. Nf3 e6 6. Bf4 Bd6 7. Bxd6 Qxd6
8. Rc1 Nc6 9. e3 a6 10. Be2 O-O 11. O-O Bd7 12. a3 Rac8 13. Na4 Ne7 14. Nc5
Bc6 15. b4 Ng6 16. a4 Rc7 17. Qb3 Ne4 18. Rc2 Nxc5 19. dxc5 Qe7 20. Rfc1
Rfc8 21. Nd4 Nh4 22. b5 axb5 23. axb5 Be8 24. b6 Rxc5 25. Rxc5 Rxc5 26. Qa3
Rxc1+ 27. Qxc1 Kf8 28. Qc8 g6 29. Bb5 Nf5 30. Nxf5 gxf5 31. Bxe8 Qxe8 32.
Qxb7 Qb5 33. h3 d4 34. exd4 Qc4 35. Qc7 Qxd4 36. b7 {Black resigns} 1-0

[Event "ICC tourney 2047 (75 10)"]
[Site "Internet Chess Club"]
[Date "2020.10.10"]
[Round "4"]
[White "Knightboy123"]
[Black "TheDude865"]
[Result "1/2-1/2"]
[ICCResult "Game drawn by mutual agreement"]
[WhiteElo "1635"]
[BlackElo "1331"]
[Opening "Ruy Lopez: closed, Flohr-Zaitsev system (Lenzerheide variation)"]
[ECO "C92"]
[NIC "RL.26"]
[Time "18:32:07"]
[TimeControl "4500+10"]

1. e4 e5 2. Nf3 Nc6 3. Bb5 a6 4. Ba4 Nf6 5. O-O Be7 6. Re1 b5 7. Bb3 O-O 8.
c3 d6 9. h3 Bb7 10. d3 Re8 11. Nbd2 Bf8 12. Nf1 h6 13. Ng3 Bc8 14. Be3 Ne7
15. d4 exd4 16. cxd4 Ng6 17. Bd2 c5 18. d5 Nd7 19. Bc3 Nde5 20. Bxe5 Nxe5
21. Nxe5 Rxe5 22. Qd2 Qf6 23. Rad1 Qg6 24. f4 Re8 25. Qf2 Bd7 26. Bc2 Qf6
27. Bb1 g6 28. Rd2 Bg7 29. Rde2 Qd8 30. e5 Qc7 {Game drawn by mutual
agreement} 1/2-1/2

[Event "ICC tourney 2047 (75 10)"]
[Site "Internet Chess Club"]
[Date "2020.10.10"]
[Round "4"]
[White "kirikiri007"]
[Black "CRonaldo"]
[Result "0-1"]
[ICCResult "White resigns"]
[WhiteElo "1551"]
[BlackElo "1650"]
[Opening "Giuoco Pianissimo: Italian four knights variation"]
[ECO "C47"]
[NIC "RG.01"]
[Time "18:32:24"]
[TimeControl "4500+10"]

1. e4 e5 2. Nf3 Nf6 3. Nc3 Nc6 4. Bc4 Bc5 5. d3 h6 6. O-O d6 7. h3 O-O 8.
Be3 Bb6 9. Na4 Be6 10. Nxb6 axb6 11. Bxe6 fxe6 12. Qd2 d5 13. exd5 exd5 14.
c3 Nh5 15. Rae1 Qf6 16. a3 d4 17. cxd4 exd4 18. Nxd4 Nxd4 19. Qc1 Nf4 20.
Bxf4 Qxf4 21. Qc4+ Kh8 22. Re4 Nf3+ 23. gxf3 Qxf3 24. Qxc7 Qxh3 25. Qxb7 Ra5
26. Qe7 Rg5+ 27. Qxg5 hxg5 28. Re3 Rf3 29. Rxf3 Qxf3 30. Re1 Qxd3 31. Re8+
Kh7 32. Re6 Qb1+ 33. Kg2 Qxb2 34. Re3 Qf6 35. Rh3+ Kg6 36. Rf3 Qc6 37. Kg3
Kh5 38. Rf8 Qd6+ {White resigns} 0-1

[Event "ICC tourney 2047 (75 10)"]
[Site "Internet Chess Club"]
[Date "2020.10.10"]
[Round "4"]
[White "WallyCleaver"]
[Black "fasteagle1"]
[Result "0-1"]
[ICCResult "White resigns"]
[WhiteElo "1588"]
[BlackElo "1768"]
[Opening "French: Burn variation"]
[ECO "C11"]
[NIC "FR.05"]
[Time "18:32:50"]
[TimeControl "4500+10"]

1. e4 e6 2. d4 d5 3. Nc3 Nf6 4. Bg5 dxe4 5. Nxe4 Be7 6. Bxf6 Bxf6 7. Nf3 O-O
8. c3 b6 9. Bd3 Bb7 10. O-O Nd7 11. Qe2 Be7 12. Rfe1 c5 13. Rad1 Qc7 14.
Neg5 Bxg5 15. Nxg5 Nf6 16. dxc5 Qxc5 17. Ne4 Nxe4 18. Bxe4 Bxe4 19. Qxe4
Rad8 20. Rxd8 Rxd8 21. Qe3 Qxe3 22. fxe3 Rd2 23. b4 Rxa2 24. e4 Kf8 25. e5
Ke7 26. Kf1 a5 27. Rb1 f6 28. bxa5 bxa5 29. Rb7+ Kf8 30. Rb8+ Kf7 31. Rb7+
Kg6 32. Rb5 fxe5 33. Rxe5 Kf6 34. Rb5 a4 35. c4 a3 36. Ra5 Ra1+ 37. Ke2 a2
38. Kf2 e5 39. h3 e4 40. g4 e3+ 41. Ke2 Rg1 42. Kxe3 a1=Q 43. Rxa1 Rxa1 44.
Kd4 Kg5 45. c5 Kh4 46. c6 Kxh3 47. Kd5 Kxg4 48. c7 Rd1+ 49. Kc6 Kg3 50. Kb7
Rb1+ 51. Kc6 h5 {White resigns} 0-1

[Event "ICC tourney 2047 (75 10)"]
[Site "Internet Chess Club"]
[Date "2020.10.10"]
[Round "4"]
[White "Chess121"]
[Black "TheOrcaPro"]
[Result "0-1"]
[ICCResult "White checkmated"]
[WhiteElo "1389"]
[BlackElo "1743"]
[Opening "Queen's pawn: London system"]
[ECO "A45"]
[NIC "QP.07"]
[Time "18:32:12"]
[TimeControl "4500+10"]

1. d4 Nf6 2. Bf4 g6 3. e3 Bg7 4. h3 d6 5. Nf3 Nbd7 6. Nbd2 c5 7. c3 a6 8.
Be2 O-O 9. O-O Nd5 10. Bg3 Nc7 11. Re1 b5 12. Rb1 f5 13. a4 Rb8 14. axb5
Nxb5 15. Ng5 Qe8 16. Qb3+ Kh8 17. Bc4 h6 18. Ne6 Nxd4 19. Qxb8 Nxb8 20. Nxf8
Nc2 21. Rec1 Nxe3 22. fxe3 Qxf8 23. Rf1 Qd8 24. Bf7 g5 25. h4 g4 26. e4 e6
27. Bg6 fxe4 28. Nxe4 d5 29. Nxc5 Qb6 30. Bf2 g3 31. Be3 e5 32. h5 d4 33.
Ne4 dxe3 34. Kh1 Qd8 35. Rbe1 Qh4+ 36. Kg1 Qh2# {White checkmated} 0-1

[Event "ICC tourney 2047 (75 10)"]
[Site "Internet Chess Club"]
[Date "2020.10.10"]
[Round "4"]
[White "Priccchess"]
[Black "chesslin"]
[Result "0-1"]
[ICCResult "White resigns"]
[WhiteElo "1760"]
[BlackElo "1888"]
[Opening "Pirc: classical (two knights) system"]
[ECO "B06"]
[NIC "PU.10"]
[Time "18:32:08"]
[TimeControl "4500+10"]

1. e4 g6 2. Nf3 Bg7 3. d4 d6 4. Nc3 Nf6 5. Bd3 O-O 6. O-O Nc6 7. Be3 Bg4 8.
h3 Bxf3 9. Qxf3 Nd7 10. Ne2 e5 11. c3 a6 12. Rac1 Qe8 13. Rfd1 Kh8 14. Bb1
Ne7 15. Ng3 Ng8 16. b3 Qe7 17. Ne2 Rae8 18. c4 f5 19. exf5 e4 20. Qg3 gxf5
21. Nf4 Qf7 22. d5 Be5 23. Bd4 Ngf6 24. Qg5 Rg8 25. Qxf5 Qg7 26. g3 Bxd4 27.
Rxd4 Re5 28. Ne6 Qh6 29. Qf4 Qxh3 30. Bxe4 Nxe4 31. Rxe4 Rh5 32. f3 Qh1+ 33.
Kf2 Rh2+ {White resigns} 0-1

[Event "ICC tourney 2047 (75 10)"]
[Site "Internet Chess Club"]
[Date "2020.10.10"]
[Round "4"]
[White "avats"]
[Black "GalaxyToast"]
[Result "1-0"]
[ICCResult "Black checkmated"]
[WhiteElo "1603"]
[BlackElo "1356"]
[Opening "Sicilian: Kan variation"]
[ECO "B41"]
[NIC "SI.41"]
[Time "18:32:18"]
[TimeControl "4500+10"]

1. e4 c5 2. Nf3 e6 3. d4 cxd4 4. Nxd4 a6 5. a3 Qc7 6. Nc3 Nf6 7. Be2 Nc6 8.
Be3 b5 9. Nxc6 dxc6 10. f3 Bd6 11. g3 c5 12. Bf1 Bb7 13. Qd2 O-O 14. Bg2
Rfd8 15. Qc1 Bxg3+ 16. hxg3 Qxg3+ 17. Kf1 Qc7 18. Qe1 Rd7 19. Qh4 Rad8 20.
Kf2 b4 21. axb4 cxb4 22. Ne2 Qxc2 23. Rab1 Rd2 24. Bxd2 Rxd2 25. Rhe1 Rxe2+
26. Rxe2 Qxb1 27. e5 Ne8 28. Qxb4 Bc6 29. Rd2 Qc1 30. Qc3 Qxc3 31. bxc3 Kf8
32. c4 Ke7 33. Re2 a5 34. Ra2 a4 35. f4 Bd7 36. Be4 h5 37. Bc2 Nc7 38. Bxa4
Bxa4 39. Rxa4 g6 40. Kg3 f6 41. Ra7 fxe5 42. Rxc7+ Kd6 43. Ra7 e4 44. Ra1
Kc5 45. Rc1 e3 46. Kf3 h4 47. Kxe3 h3 48. Kf3 h2 49. Kg2 h1=Q+ 50. Kxh1 Kc6
51. Kg2 Kc5 52. Kf3 Kc6 53. c5 Kc7 54. Ke4 Kc6 55. Ke5 Kc7 56. Kxe6 Kc6 57.
Kf6 Kc7 58. Kxg6 Kc6 59. f5 Kd7 60. c6+ Ke7 61. f6+ Kf8 62. Rb1 Ke8 63. Rb8#
{Black checkmated}
1-0

[Event "ICC tourney 2047 (75 10)"]
[Site "Internet Chess Club"]
[Date "2020.10.10"]
[Round "4"]
[White "Eagle2020"]
[Black "cdj12417489"]
[Result "1/2-1/2"]
[ICCResult "Game drawn by mutual agreement"]
[WhiteElo "1500"]
[BlackElo "1304"]
[Opening "Sicilian: Alapin's variation (2.c3)"]
[ECO "B22"]
[NIC "SI.46"]
[Time "18:32:20"]
[TimeControl "4500+10"]

1. e4 c5 2. c3 d6 3. d4 Nf6 4. e5 dxe5 5. dxe5 Qxd1+ 6. Kxd1 Ng4 7. Be3
Nxe3+ 8. fxe3 g6 9. h3 Bg7 10. Nf3 a6 11. Nbd2 Nc6 12. Bc4 Nxe5 13. Be2 Bd7
14. Rf1 Bc6 15. Nc4 Nxf3 16. Bxf3 Bxf3+ 17. Rxf3 b5 18. Nd2 Rd8 19. Kc2 f5
20. e4 Bh6 21. Rf2 Rxd2+ 22. Rxd2 Bxd2 23. Kxd2 fxe4 24. Ke3 Rf8 25. Rd1 Rf6
26. Rd5 Rf1 27. Kxe4 Rf2 28. Rxc5 Rxb2 29. a3 Ra2 30. Ke5 Rxa3 31. Ke6 Kf8
32. Rc8+ Kg7 33. Rc7 Ra2 34. Rxe7+ Kh6 35. Ra7 {Game drawn by mutual
agreement} 1/2-1/2

[Event "ICC tourney 2047 (75 10)"]
[Site "Internet Chess Club"]
[Date "2020.10.10"]
[Round "4"]
[White "TacticalVM"]
[Black "Mapking1"]
[Result "0-1"]
[ICCResult "White resigns"]
[WhiteElo "1657"]
[BlackElo "1634"]
[Opening "Sicilian: closed"]
[ECO "B24"]
[NIC "SI.44"]
[Time "18:32:19"]
[TimeControl "4500+10"]

1. e4 c5 2. Nc3 Nc6 3. g3 g6 4. Bg2 Bg7 5. d3 e6 6. f4 Nge7 7. Nf3 d5 8. O-O
O-O 9. h3 Nd4 10. e5 Nec6 11. h4 f6 12. exf6 Bxf6 13. Ne2 Nxf3+ 14. Bxf3 Nd4
15. Nxd4 Bxd4+ 16. Kg2 Bg7 17. h5 Qd6 18. hxg6 hxg6 19. Rh1 Bd7 20. Rh2 e5
21. fxe5 Bxe5 22. Qh1 Bc6 23. Bf4 Qf6 24. Rf1 Bxf4 25. gxf4 Qxb2 26. Rf2 Qg7
27. Rh6 Rxf4 28. Kg3 Rf5 29. Re2 Rxf3+ 30. Kxf3 d4+ 31. Re4 Bxe4+ 32. dxe4
Rf8+ 33. Ke2 Qf6 34. Qg2 Kg7 35. Rh5 Qf2+ 36. Qxf2 Rxf2+ 37. Kxf2 gxh5 38.
Kf3 Kf6 39. Kf4 h4 40. Kg4 Ke5 41. Kf3 h3 42. Kg3 Kxe4 43. Kxh3 d3 44. cxd3+
Kxd3 45. Kg3 c4 46. Kf3 c3 {White resigns} 0-1

[Event "ICC tourney 2047 (75 10)"]
[Site "Internet Chess Club"]
[Date "2020.10.10"]
[Round "4"]
[White "AkshatSuresh"]
[Black "awakeflood"]
[Result "1-0"]
[ICCResult "Black resigns"]
[WhiteElo "1590"]
[BlackElo "1729"]
[Opening "French: Tarrasch, closed variation, main line"]
[ECO "C06"]
[NIC "FR.17"]
[Time "18:32:22"]
[TimeControl "4500+10"]

1. e4 e6 2. d4 d5 3. Nd2 Nf6 4. e5 Nfd7 5. c3 c5 6. Bd3 Nc6 7. Ne2 cxd4 8.
cxd4 f6 9. exf6 Nxf6 10. Nf3 Bb4+ 11. Bd2 Bxd2+ 12. Qxd2 O-O 13. O-O Bd7 14.
Rfe1 Qb6 15. Nf4 Rae8 16. Rad1 Kh8 17. Bb1 Qc7 18. Ne5 Nxe5 19. dxe5 Ng4 20.
Qd3 g6 21. Nxg6+ hxg6 22. Qxg6 Re7 23. Qxg4 Rg7 24. Qh5+ Kg8 25. Re3 Qc5 26.
Rf1 Bb5 27. Rg3 Rf7 28. Qh7+ Kf8 29. Qh8+ Rg8 30. Rxg8+ Ke7 31. Qh4+ Kd7 32.
Qd8+ Kc6 33. Qe8+ Rd7 34. Rg7 Kc7 35. Rxd7+ Bxd7 36. Qg6 Bb5 37. Bd3 Bd7 38.
Qg5 Qd4 39. Rc1+ Bc6 40. Bb5 Qxb2 41. Bxc6 bxc6 42. Qe3 Kb7 43. Qb3+ Qxb3
44. axb3 Kb6 45. h4 c5 46. h5 {Black resigns} 1-0